 Dungeon Crawl Stone Soup version 0.29.1-15-g9cfb28693d (webtiles) character file.

Game seed: 3834710733174828043

14452 Heoruswealwe the Eclecticist (level 11, -6/48 HPs)
             Began as a Deep Elf Earth Elementalist on May 3, 2023.
             Was a High Priest of Hepliaklqana.
             Mangled by a two-headed ogre
             ... wielding a +0 giant club
              (17 damage)
             ... on level 11 of the Dungeon.
             The game lasted 01:38:01 (9136 turns).

Heoruswealwe the Eclecticist (DEEE)                 Turns: 9136, Time: 01:38:02

Health: -6/48      AC: 13    Str:  5    XL:     11   Next: 88%
Magic:  32/34      EV: 12    Int: 25    God:    Hepliaklqana [*****.]
Gold:   524        SH:  0    Dex: 15    Spells: 35/45 levels left

rFire   . . .      SeeInvis .   b - +0 scimitar
rCold   . . .      Faith    .   (no shield)
rNeg    . . .      Spirit   .   c - +0 steam dragon scales
rPois   +          Reflect  .   g - +0 helmet
rElec   .          Harm     .   h - +1 cloak
rCorr   .          Rampage  .   f - +2 pair of gloves
Will    ++...                   e - +0 pair of boots
Stlth   ++........              i - amulet of regeneration
HPRegen 0.96/turn               k - ring of willpower
MPRegen 0.24/turn               j - ring of wizardry

@: about to teleport
A: reduced essence, poison resistance, shaggy fur 1, sturdy frame 1
a: Renounce Religion, Recall Ancestor, Ancestor Identity, Transference, Idealise


You were on level 11 of the Dungeon.
You worshipped Hepliaklqana.
Hepliaklqana was extremely pleased with you.
You visited 2 branches of the dungeon, and saw 12 of its levels.
You also visited: Ossuary.

You collected 524 gold pieces.

Inventory:

Hand Weapons
 b - a +0 scimitar (weapon)
Armour
 c - +0 steam dragon scales (worn)
 e - a +0 pair of boots (worn)
 f - a +2 pair of gloves (worn)
 g - a +0 helmet (worn)
 h - a +1 cloak (worn)
Magical Staves
 o - a staff of cold
 r - a staff of poison
Jewellery
 i - an amulet of regeneration (around neck)
 j - a ring of wizardry (right hand)
 k - a ring of willpower (left hand)
 p - an amulet of magic regeneration
 q - an amulet of reflection
Wands
 A - a wand of mindburst (16)
Scrolls
 l - 11 scrolls of teleportation
 u - 2 scrolls of fog
 v - a scroll of magic mapping
 x - 8 scrolls of identify
 C - 2 scrolls of enchant armour
 G - a scroll of brand weapon
 I - a scroll of amnesia
Potions
 a - a potion of resistance
 d - 2 potions of magic
 m - a potion of flight
 n - a potion of invisibility
 w - a potion of heal wounds
 z - a potion of haste
 B - 2 potions of mutation
 D - a potion of ambrosia
 E - 3 potions of might
 F - a potion of brilliance
 J - 6 potions of curing


   Skills:
 - Level 2.4 Dodging
 - Level 2.4 Stealth
 + Level 17.6 Spellcasting
 - Level 1.1 Transmutations
 + Level 15.1 Earth Magic


You had 35 spell levels left.
You knew the following spells:

 Your Spells              Type           Power      Damage    Failure   Level
a - Sandblast             Erth           100%       2d20      0%          1
b - Stone Arrow           Conj/Erth      100%       3d13      1%          3
c - Petrify               Tmut/Erth      58%        N/A       1%          4
z - Passwall              Tmut/Erth      48%        N/A       1%          2

Your spell library contained the following spells:

 Spells                   Type           Power      Damage    Failure   Level
 Necrotise                Necr           88%        1d8       1%          1
 Shock                    Conj/Air       88%        1d8       1%          1
 Static Discharge         Conj/Air       22%        3-6/arc   1%          2
 Portal Projectile        Hex/Tloc       44%        N/A       2%          3
 Swiftness                Air            22%        N/A       2%          3
 Tukima's Dance           Hex            22%        N/A       2%          3
 Vampiric Draining        Necr           22%        2d7       2%          3
 Airstrike                Air            11%        2d(2-18)  9%          4
 Anguish                  Hex/Necr       11%        N/A       9%          4
 Dispel Undead            Necr           22%        3d12      9%          4
 Sticky Flame             Conj/Fire      22%        2d4       9%          4
 Blade Hands              Tmut           13%        N/A       16%         5
 Agony                    Necr           22%        N/A       26%         5
 Enfeeble                 Hex            11%        N/A       99%         7


Dungeon Overview and Level Annotations

Branches:
Dungeon (11/15)            Temple (1/1) D:4            Lair (0/5) D:9
Ossuary (visited)
    Orc: D:9-12

Altars:
Ashenzari
Cheibriados
Dithmenos
Elyvilon
Fedhas
Gozag
Hepliaklqana
Kikubaaqudgha
Makhleb
Nemelex Xobeh
Okawaru
Qazlal
Ru
Sif Muna
Trog
Uskayaw
Vehumet
Wu Jian
Xom
Yredelemnul
Zin
The Shining One

Shops:
D:8 :


Innate Abilities, Weirdness & Mutations

Your life essence is reduced to manifest your ancestor. (-10% HP)
Your system is resistant to poisons. (rPois)
You are covered in fur. (AC +1)
Your movements are slightly less encumbered by armour. (ER -2)


Message History

Found a chain mail.
Found 4 stones.
Found 12 gold pieces.
You see here a +0 chain mail.
Found a stone staircase leading down.
You now have 524 gold pieces (gained 12).
You see here 4 stones.
A kobold and a two-headed ogre come into view.
You can't see any susceptible monsters within range! (Use Z to cast anyway.)
A kobold brigand and a kobold come into view.
The kobold brigand is wielding a +0 dagger and quivering curare-tipped darts.
The kobold brigand shouts!
The kobold shouts!
You hear a shout!
The blast of sand hits the kobold!!
You kill the kobold!
The kobold shouts!
A kobold comes into view. It is wielding a +0 dagger.
A kobold comes into view. It is wielding a +0 short sword.
The blast of sand hits the kobold brigand!
The kobold brigand is heavily wounded.
A kobold comes into view. It is wielding a +0 club.
A kobold comes into view. It is wielding a +0 short sword.
Zhah barely misses the kobold brigand.
The kobold throws a stone.
The stone hits you but does no damage.
The blast of sand hits the kobold brigand!!
You kill the kobold brigand!
A killer bee comes into view.
Zhah misses the kobold.
The two-headed ogre hits you with a +0 giant club!!
The two-headed ogre barely misses you.
The kobold closely misses Zhah.
A killer bee comes into view.
The kobold closely misses you.
Zhah hits the kobold with a +0 flail.
The kobold dies!
As you read the scroll of teleportation, it crumbles to dust.
You feel strangely unstable.
Zhah hits the two-headed ogre with a +0 flail!
The kobold hits Zhah but does no damage.
The two-headed ogre hits you with a +0 giant club!!
* * * LOW HITPOINT WARNING * * *
The two-headed ogre hits you with a +0 giant club!
You die...

#.....(.#
#.......#
#......>#
#.......#
#....##.#
##.......#
.........#
.........#
.....#..@#
.....#.O.#
.... #.RK#
.O.....KK#
....y..)K#
.......y#
........#
........#
........#


You could see the friendly Zhah the knight, a two-headed ogre, 2 killer bees and
4 kobolds.

Vanquished Creatures
  The ghost of SharpKris the Ducker, a novice GnAM of Ashenzari (D:7)
  2 death yaks (D:9)
  The ghost of EarthwalkerPL the Ruffian, a novice TrFi (D:6)
  The ghost of Peloso the Protected, a novice MiFi (D:7)
  Maggie (D:9)
  A komodo dragon (D:10)
  A troll (D:9)
  4 slime creatures (D:11)
  A shadow (D:10)
  Sigmund (D:2)
  A wyvern (D:9)
  A basilisk (D:10)
  16 yaks
  Grum (D:8)
  A water moccasin (D:6)
  2 ice beasts
  An orc warrior (D:8)
  A sky beast (D:8)
  3 wolves (D:8)
  4 centaurs
  An ogre (D:6)
  A phantom (D:5)
  3 kobold brigands
  A necrophage (D:4)
  5 bullfrogs
  5 scorpions
  2 wights (D:6)
  4 howler monkeys
  5 electric eels (D:7)
  A centaur zombie (Ossuary)
  2 bullfrog zombies (Ossuary)
  A hound (D:5)
  A gnoll bouda (D:10)
  6 orc priests
  5 iguanas
  Ijyb (D:3)
  Natasha (twice) (D:2)
  6 orc wizards
  A killer bee zombie (Ossuary)
  14 mummies (Ossuary)
  2 howler monkey zombies (Ossuary)
  5 gnolls
  4 adders
  A white imp (D:6)
  An ufetubus (D:6)
  2 worms (D:2)
  3 dart slugs
  20 orcs
  11 endoplasms
  4 giant cockroaches
  14 hobgoblins
  17 kobolds
  4 quokkas
  10 ball pythons
  5 bats
  2 frilled lizards
  3 goblins
  A quokka zombie (D:7)
  8 rats
  A rat zombie (D:7)
230 creatures vanquished.

Vanquished Creatures (collateral kills)
  A death yak (D:9)
  An unseen horror (D:10)
  2 slime creatures (D:11)
  9 yaks
  A wyvern (D:8)
  A wraith (D:10)
  2 black bears
  A hornet zombie (Ossuary)
  A scorpion (D:6)
  A wyvern zombie (Ossuary)
  A wight (D:6)
  A bullfrog zombie (Ossuary)
  2 centaur zombies (Ossuary)
  2 jellies
  An orc priest (D:9)
  3 mummies (Ossuary)
  4 orc wizards
  Natasha (D:2)
  A killer bee zombie (Ossuary)
  5 orcs
  An endoplasm (D:3)
  2 jackals (D:5)
  A bat (D:3)
  4 frilled lizards
  A kobold (D:11)
  A rat (D:3)
51 creatures vanquished.

Vanquished Creatures (others)
  4 knights
  11 plants
  13 withered plants
28 creatures vanquished.

Grand Total: 309 creatures vanquished

Notes
Turn   | Place    | Note
-------+----------+-------------------------------------------
     0 | D:1      | Heoruswealwe the Deep Elf Earth Elementalist began the
                  | quest for the Orb.
     0 | D:1      | Reached XP level 1. HP: 10/10 MP: 6/6
   122 | D:1      | Reached XP level 2. HP: 5/15 MP: 3/8
   166 | D:1      | Learned a level 2 spell: Passwall
   458 | D:1      | Found a faded altar of an unknown god.
   480 | D:1      | Prayed at the altar of an unknown god.
   480 | D:1      | Became a worshipper of Hepliaklqana the Forgotten
   480 | D:1      | Reached * piety under Hepliaklqana
   692 | D:1      | Reached skill level 4 in Spellcasting
   847 | D:1      | Gained mutation: You have hidden genetic defects. [potion
                  | of mutation]
   847 | D:1      | Gained mutation: You are robust. (+10% HP) [potion of
                  | mutation]
   920 | D:2      | Reached XP level 3. HP: 19/19 MP: 7/10
   924 | D:2      | Learned a level 3 spell: Stone Arrow
   924 | D:2      | Gained mutation: Your body sometimes deteriorates upon
                  | taking damage. [hidden defects]
  1022 | D:2      | Gained mutation: You are clumsy. (Dex -2) [hidden defects]
  1022 | D:2      | Lost mutation: You have hidden genetic defects. [hidden
                  | defects expressed]
  1223 | D:2      | Noticed Sigmund
  1238 | D:2      | Killed Sigmund
  1239 | D:2      | Reached skill level 6 in Spellcasting
  1239 | D:2      | Reached skill level 5 in Earth Magic
  1239 | D:2      | Reached XP level 4. HP: 5/24 MP: 9/14
  1239 | D:2      | Reached XP level 5. HP: 6/28 MP: 9/15
  1245 | D:2      | Noticed Natasha
  1247 | D:2      | Killed Natasha
  1256 | D:2      | HP: 1/28 [hobgoblin (3)]
  1496 | D:2      | Noticed Natasha
  1499 | D:2      | Killed Natasha
  1546 | D:2      | Noticed Natasha
  1552 | D:2      | Killed Natasha
  1553 | D:2      | Reached XP level 6. HP: 32/32 MP: 14/17
  1615 | D:3      | You fall into a shaft and drop 3 floors!
  1643 | D:5      | Entered Level 5 of the Dungeon
  1674 | D:4      | Reached skill level 7 in Spellcasting
  1770 | D:4      | Noticed an ice beast
  1776 | D:4      | Killed an ice beast
  1777 | D:4      | Reached XP level 7. HP: 21/36 MP: 13/20
  1839 | D:4      | Reached ** piety under Hepliaklqana
  1872 | D:4      | Reached skill level 8 in Spellcasting
  1987 | D:3      | Remembered your ancestor Zhah as a knight
  1993 | D:3      | Identified the +3 plate armour of the Other Side {Int+5}
  2387 | D:3      | Noticed Ijyb
  2392 | D:3      | Killed Ijyb
  2822 | D:1      | Learned a level 4 spell: Petrify
  2857 | D:4      | Found a staircase to the Ecumenical Temple.
  2970 | Temple   | Entered the Ecumenical Temple
  3433 | D:5      | Reached *** piety under Hepliaklqana
  3606 | D:5      | Reached skill level 9 in Spellcasting
  3606 | D:5      | Reached XP level 8. HP: 36/41 MP: 19/23
  4088 | D:5      | Lost mutation: Your body sometimes deteriorates upon taking
                  | damage. [potion of mutation]
  4088 | D:5      | Lost mutation: You are robust. (+10% HP) [potion of
                  | mutation]
  4088 | D:5      | Lost mutation: You are clumsy. (Dex -2) [potion of
                  | mutation]
  4088 | D:5      | Gained mutation: Your movements are slightly less
                  | encumbered by armour. (ER -2) [potion of mutation]
  4088 | D:5      | Gained mutation: Your system is resistant to poisons.
                  | (rPois) [potion of mutation]
  4088 | D:5      | Gained mutation: You are covered in fur. (AC +1) [potion of
                  | mutation]
  4374 | D:6      | Reached skill level 10 in Spellcasting
  4594 | D:6      | Found a runed translucent gate.
  4594 | D:6      | Found a runed translucent gate.
  4594 | D:6      | Found a runed translucent gate.
  4594 | D:6      | Noticed EarthwalkerPL's ghost (novice TrFi)
  4611 | D:6      | Killed EarthwalkerPL's ghost
  4612 | D:6      | Reached skill level 11 in Spellcasting
  4612 | D:6      | Reached skill level 10 in Earth Magic
  4612 | D:6      | Reached XP level 9. HP: 40/40 MP: 21/26
  4826 | D:7      | Found a runed translucent gate.
  4826 | D:7      | Found a runed translucent gate.
  4826 | D:7      | Found a runed translucent gate.
  4826 | D:7      | Noticed Peloso's ghost (novice MiFi)
  4830 | D:7      | Noticed SharpKris's ghost (novice GnAM)
  4840 | D:7      | Found a basalt altar of Yredelemnul.
  4842 | D:7      | Noticed a profane servitor
  4852 | D:7      | Found a glowing golden altar of the Shining One.
  4854 | D:7      | Noticed an angel
  5008 | D:7      | Found a sand-covered staircase.
  5017 | Ossuary  | Entered an ossuary
  5029 | Ossuary  | Reached skill level 12 in Spellcasting
  5338 | D:7      | Reached skill level 13 in Spellcasting
  5670 | D:7      | Killed Peloso's ghost
  5671 | D:7      | Reached XP level 10. HP: 5/45 MP: 17/29
  5685 | D:7      | Killed SharpKris's ghost
  5798 | D:7      | Reached skill level 14 in Spellcasting
  6033 | D:8      | Found Nuba's Book Boutique.
  6087 | D:8      | Reached **** piety under Hepliaklqana
  6095 | D:8      | Noticed Grum
  6099 | D:8      | Killed Grum
  6108 | D:8      | Found a snail-covered altar of Cheibriados.
  6851 | D:9      | Reached skill level 15 in Spellcasting
  6990 | D:9      | Reached ***** piety under Hepliaklqana
  7034 | D:9      | Noticed Maggie
  7040 | D:9      | Killed Maggie
  7106 | D:9      | Noticed a death yak
  7117 | D:9      | Noticed a death yak
  7192 | D:9      | Reached XP level 11. HP: 48/48 MP: 27/32
  7233 | D:9      | Reached skill level 16 in Spellcasting
  7266 | D:9      | Found a hazy altar of Hepliaklqana.
  7275 | D:9      | Noticed a death yak
  7282 | D:9      | Killed a death yak
  7295 | D:9      | Found a staircase to the Lair.
  7457 | D:9      | Killed a death yak
  7541 | D:9      | Found an opulent altar of Gozag.
  7542 | D:9      | Found a shimmering altar of Xom.
  7543 | D:9      | Found a stormy altar of Qazlal.
  7543 | D:9      | Found a shimmering blue altar of Sif Muna.
  7544 | D:9      | Found an ancient bone altar of Kikubaaqudgha.
  7545 | D:9      | Found an iron altar of Okawaru.
  7545 | D:9      | Found a shadowy altar of Dithmenos.
  7552 | D:9      | Found a bloodstained altar of Trog.
  7554 | D:9      | Found a hide-covered altar of Uskayaw.
  7554 | D:9      | Found an ornate altar of the Wu Jian Council.
  7753 | D:9      | Killed a death yak
  7818 | D:10     | Entered Level 10 of the Dungeon
  8425 | D:10     | Reached skill level 17 in Spellcasting
  9036 | D:11     | Reached skill level 15 in Earth Magic
  9128 | D:11     | Noticed a two-headed ogre
  9136 | D:11     | Mangled by a two-headed ogre

Illustrated notes

Levels and vault maps discovered:
D:1:      lightli_arrival_flooded_house, layout_basic, basic_ecumenical_altar
D:2:      layout_rooms, uniq_natasha, uniq_sigmund
D:3:      layout_rooms, kennysheep_doodads, uniq_ijyb
D:4:      cheibrodos_thug_alley, layout_cave_pools,
          minmay_temple_entry_mini_moons, minmay_pentomino_pile
D:5:      layout_basic
D:6:      layout_loops_ring, ebering_ghost_rock_garden, solitary_fountain
D:7:      layout_cave_pools, grunt_temple_overflow_holy_war,
          gammafunk_ghost_cemetery, enter_ossuary_4, kennysheep_another_room,
          mrwooster_statue_mirror, water_maze_lemuel
D:8:      layout_rooms, kennysheep_slug_shrine, serial_shops,
          nicolae_shop_hallway_stairs, hangedman_glass_teeth,
          hangedman_decor_clover_reticule, uniq_grum
D:9:      layout_stronghold, nicolae_overflows_in_rows, dpeg_lair_monsters,
          kennysheep_crisscross, uniq_maggie
D:10:     layout_stronghold, minmay_lizard_king
D:11:     layout_stronghold, serial_shops, shop_coins,
          chequers_serial_rivers_micro_a, corexii_corridor_pit,
          nicolae_uskayaw_murder_on_the_dancefloor, uniq_nergalle
Temple:   nicolae_temple_superstar

Skill      XL: |  1  2  3  4  5  6  7  8  9 10 11 |
---------------+----------------------------------+-----
Spellcasting   | 4 6 7 9 11 13 15 17 | 17.6
Earth Magic    | 4 5 6 7 10 11 13 15 | 15.1
Dodging        | |  2.4
Stealth        | |  2.4
Transmutations | |  1.1

Action                   |  1- 3 |  4- 6 |  7- 9 | 10-12 || total
-------------------------+-------+-------+-------+-------++-------
Melee: Unarmed           |    33 |       |       |       ||    33
       Scimitar          |       |       |    29 |     3 ||    32
 Cast: Sandblast         |    48 |    39 |   174 |   181 ||   442
       Passwall          |     2 |       |     1 |       ||     3
       Stone Arrow       |       |       |     1 |     8 ||     9
Invok: Ancestor Identity |     1 |       |       |       ||     1
       Ancestor Life: Kn |       |       |     1 |       ||     1
       Recall Ancestor   |       |       |       |     5 ||     5
  Use: Scroll            |     5 |       |    12 |     6 ||    23
       Potion            |     3 |     1 |     9 |     7 ||    20
Armor: Robe              |     7 |     1 |    18 |     5 ||    31
       Steam dragon scal |       |       |       |    14 ||    14
Dodge: Dodged            |    11 |    20 |    29 |    35 ||    95
Block: Other             |       |       |     2 |       ||     2
